 Dungeon Crawl Stone Soup version 0.32-a0-558-g233958a4c4 (webtiles) character file.

Game seed: 13263996479624967247

568 mopl the Shield-Bearer (level 7, 0/50 HPs)
             Began as a Formicid Warper on Feb 29, 2024.
             Succumbed to a scorpion's poison
             ... on level 5 of the Dungeon.
             The game lasted 00:05:53 (4373 turns).

mopl the Shield-Bearer (Formicid Warper)            Turns: 4373, Time: 00:05:54

Health: 0/50       AC:  3    Str: 18    XL:     7   Next: 59%
Magic:  11/11      EV: 11    Int: 15    God:
Gold:   203        SH:  5    Dex: 13    Spells: 6/12 levels left

rFire   . . .        a - +0 long sword
rCold   + . .        d - +0 buckler
rNeg    . . .        b - +0 leather armour
rPois   .            (helmet unavailable)
rElec   .            (no cloak)
rCorr   .            (no gloves)
SInv    +            (no boots)
Will    +....        (no amulet)
Stlth   +            j - ring of protection from cold
HPRegen 0.28/turn    n - ring of Guephat {Str+3 SInv}
MPRegen 0.12/turn

%: no passive effects
@: lethally poisoned (0 -> -8), enlightened, flying
A: permanent stasis, dig shafts and tunnels, antennae 3, four strong arms
a: Dig, Shaft Self


You were on level 5 of the Dungeon.
You visited 1 branch of the dungeon, and saw 5 of its levels.

You collected 203 gold pieces.

Inventory:

Hand Weapons
 a - a +0 long sword (weapon)
 i - a +0 scythe
 q - a +0 falchion
 A - a +0 lajatang
 C - the +3 dagger "Jouguib" {freeze, rC++ Str-4 Dex+5}
   (You found it on level 5 of the Dungeon)

   Str-4:     It affects your strength (-4).
   Dex+5:     It affects your dexterity (+5).
   rC++:      It greatly protects you from cold.
Missiles
 c - 6 darts of dispersal (quivered)
Armour
 b - a +0 leather armour (worn)
 d - a +0 buckler (worn)
Jewellery
 g - an amulet of faith {!P}
 j - a ring of protection from cold (left hand)
 n - the ring of Guephat (right hand) {Str+3 SInv}
   (You found it on level 2 of the Dungeon)

   [ring of see invisible]

   Str+3:     It affects your strength (+3).
   SInv:      It lets you see invisible.
Scrolls
 e - a scroll of noise {unknown}
 l - 3 scrolls of immolation {unknown}
 m - a scroll of poison {unknown}
 p - 2 scrolls of fog {unknown}
 t - a scroll of amnesia {unknown}
 v - a scroll of blinking {unknown}
 w - a scroll of teleportation {unknown}
 y - a scroll of silence {unknown}
Potions
 f - 2 potions of haste
 h - 5 potions of enlightenment
 k - a potion of invisibility
 o - a potion of ambrosia
 r - a potion of lignification {!q}
 s - 2 potions of curing
 u - a potion of might {unknown}
 x - 2 potions of heal wounds {unknown}
 z - a potion of mutation {!q}
 B - a potion of brilliance


   Skills:
 - Level 2.1 Fighting
 + Level 4.7 Long Blades
 - Level 1.0 Throwing
 - Level 1.1 Armour
 - Level 1.7 Dodging
 + Level 5.2 Shields
 - Level 3.0 Spellcasting
 + Level 4.6 Translocations


You had 6 spell levels left.
You knew the following spells:

 Your Spells              Type           Power      Damage    Failure   Level
a - Manifold Assault      Tloc           16%        N/A       41%         4
b - Lesser Beckoning      Tloc           32%        N/A       7%          2

Your spell library contained the following spells:

 Spells                   Type           Power      Damage    Failure   Level
 Teleport Other           Tloc           16%        N/A       14%         3
 Ensorcelled Hibernation  Hex/Ice        4%         N/A       41%         2
 Fugue of the Fallen      Necr           2%         N/A       65%         3
 Anguish                  Hex/Necr       1%         N/A       96%         4
 Blink                    Tloc           Unusable   N/A       N/A         2
 Vhi's Electric Charge    Tloc/Air       Unusable   N/A       N/A         4

Dungeon Overview and Level Annotations

Branches:
Dungeon (5/15)
 Temple: D:4-7

Altars:

Annotations:
D:4 Pikel


Innate Abilities, Weirdness & Mutations

You cannot be hasted, slowed, berserked, paralysed or teleported.
You can dig through walls and to a lower floor.
You have a pair of large antennae on your head. (SInv)
Your four strong arms can wield two-handed weapons with a shield.


Message History

The scorpion poisons you!
You hit the scorpion but do no damage.
The scorpion is heavily wounded.
You feel very sick. You block the scorpion's attack.
You hit the scorpion.
The scorpion is heavily wounded.
You feel very sick. The scorpion stings you! The scorpion barely misses you.
You hit the scorpion.
The scorpion is severely wounded.
You feel very sick. The scorpion stings you.
You hit the scorpion but do no damage.
The scorpion is severely wounded.
You feel sick. You block the scorpion's attack. The scorpion stings you.
You are lethally poisoned!
The scorpion poisons you!
You closely miss the scorpion.
The scorpion is severely wounded.
* * * LOW HITPOINT WARNING * * *
You feel very sick. The scorpion stings you.
* * * LOW HITPOINT WARNING * * *
You hit the scorpion but do no damage.
The scorpion is severely wounded.
* * * LOW HITPOINT WARNING * * *
You feel very sick.
The scorpion stings you but does no damage.
You block the scorpion's attack.
Unknown command.
You hit the scorpion.
The scorpion is almost dead.
* * * LOW HITPOINT WARNING * * *
You feel very sick. The scorpion barely misses you.
It was a potion of enlightenment.
You feel very buoyant.
You fly up into the air.
You die...

.........................##
...)...................h.#.
#....................##... #
#...................###... #.
#...............#..###....
...#...............#.........
...................#.........
............s................
............@..........##....
.................♣P....##....
...#P.P#.........PP♣P.÷......
#. ##.##...........P♣....#...
#. ####............####.. #.
#...........####... #
#.............###..
#..........<.<.....
#........#....#...#


You could see a scorpion.

Vanquished Creatures
  Sigmund (D:4)
  A lemure (D:3)
  A phantom (D:4)
  A scorpion (D:4)
  A hound (D:4)
  2 bombardier beetles
  2 iguanas (D:4)
  A sleepcap (D:5)
  5 adders
  2 dart slugs
  3 ribbon worms
  An orc (D:4)
  3 bats
  7 endoplasms
  8 goblins
  6 hobgoblins
  5 jackals
  5 kobolds
  4 quokkas
  3 ball pythons
  2 frilled lizards (D:1)
  4 rats
68 creatures vanquished.

Notes
Turn   | Place    | Note
-------+----------+-------------------------------------------
     0 | D:1      | mopl the Formicid Warper began the quest for the Orb.
     0 | D:1      | Reached XP level 1. HP: 16/16 MP: 3/3
    98 | D:1      | Reached XP level 2. HP: 19/22 MP: 5/5
   140 | D:1      | Learned a level 2 spell: Lesser Beckoning
   544 | D:2      | Reached skill level 1 in Shields
   544 | D:2      | Reached skill level 3 in Translocations
   544 | D:2      | Reached XP level 3. HP: 17/27 MP: 6/6
   717 | D:2      | Identified the ring of Guephat {Str+3 SInv}
   812 | D:2      | Reached XP level 4. HP: 18/33 MP: 8/8
   852 | D:2      | Learned a level 4 spell: Manifold Assault
   980 | D:2      | Found a faded altar of an unknown god.
  1253 | D:2      | Reached skill level 2 in Shields
  1659 | D:3      | Reached skill level 3 in Long Blades
  1659 | D:3      | Reached skill level 3 in Spellcasting
  2000 | D:3      | Reached XP level 5. HP: 17/38 MP: 9/9
  2586 | D:4      | Reached skill level 3 in Shields
  2815 | D:4      | Noticed a lemure
  2816 | D:4      | Noticed Pikel
  2816 | D:4      | Noticed a lemure
  2816 | D:4      | Noticed a lemure
  3069 | D:3      | Killed a lemure
  3276 | D:4      | Reached XP level 6. HP: 40/44 MP: 10/10
  3377 | D:5      | Entered Level 5 of the Dungeon
  3447 | D:4      | Noticed Sigmund
  3632 | D:4      | Killed Sigmund
  3633 | D:4      | Reached skill level 4 in Long Blades
  3633 | D:4      | Reached skill level 4 in Shields
  3633 | D:4      | Reached skill level 4 in Translocations
  3633 | D:4      | Reached XP level 7. HP: 38/50 MP: 11/11
  4003 | D:4      | HP: 3/75 [phantom (6)]
  4010 | D:4      | Reached skill level 5 in Shields
  4236 | D:5      | Identified the +3 dagger "Jouguib" {freeze, rC++ Str-4
                  | Dex+5}
  4372 | D:5      | HP: 2/50 [poisoned by a scorpion]
  4373 | D:5      | Succumbed to a scorpion's poison

Illustrated notes

Levels and vault maps discovered:
D:1:      minmay_arrival_arboretum_small, layout_loops_ring, minmay_tetromino_t4
D:2:      layout_basic, shapermc_ecumenical_altar_mp_urbaneastern,
          kennysheep_generic_room_3
D:3:      layout_basic
D:4:      layout_basic, minmay_liquid_box, uniq_pikel, uniq_sigmund
D:5:      layout_cave_pools, grunt_temple_overflow_champion_of_chaos,
          fedhas_altar_decomposition, serial_park_tiny_2,
          chequers_serial_rivers_micro_e

Skill      XL: |  1  2  3  4  5  6  7 |
---------------+----------------------+-----
Shields        | 1 2 3 4 5 |  5.2
Translocations | 3 4 |  4.6
Long Blades    | 3 4 |  4.7
Spellcasting   | 3 |  3.0
Fighting       | |  2.1
Throwing       | |  1.0
Armour         | |  1.1
Dodging        | |  1.7

Action                     |  1- 3 |  4- 6 |  7- 9 || total
---------------------------+-------+-------+-------++-------
  Melee: Falchion          |   116 |     4 |       ||   120
         Long sword        |       |   157 |    66 ||   223
  Throw: Dart              |       |     1 |       ||     1
    Use: Scroll            |       |     6 |     2 ||     8
         Potion            |       |       |     2 ||     2
   Stab: Sleeping          |     4 |     1 |       ||     5
 Armour: Leather armour    |    62 |    94 |    65 ||   221
         Skin              |       |       |     6 ||     6
  Dodge: Dodged            |    66 |    82 |    46 ||   194
  Block: Buckler           |    22 |    31 |    25 ||    78

Table legend: (Time is in decaauts)
 A = Elapsed time spent in this place.
 B = Non-inter-level travel time spent in this place.
 C = Inter-level travel time spent in this place.
 D = Time resting spent in this place.
 E = Time spent auto-exploring this place.
 F = Levels seen in this place.
 G = Mean time per level.
                   A        B        C        D        E       F      G
               +--------+--------+--------+--------+--------+-----+--------+
         Total |   4459 |   4364 |     95 |   1085 |   2272 |   5 |  891.8 |
       Dungeon |   4459 |   4364 |     95 |   1085 |   2272 |   5 |  891.8 |
               +--------+--------+--------+--------+--------+-----+--------+

Top non-repeatable levels by time:
     D:3: 1339 daAuts
     D:4: 1008 daAuts
     D:2: 997 daAuts
     D:5: 573 daAuts
     D:1: 540 daAuts
